 Dungeon Crawl Stone Soup version 0.20.1-1-g8b1a95d (webtiles) character file.

56 Blomdor the Conjurer (level 3, -4/30 HPs)
             Began as a Barachi Conjurer on Sept 17, 2017.
             Splashed by a jelly's acid (9 damage)
             ... on level 3 of the Dungeon.
             The game lasted 00:03:04 (1864 turns).

Blomdor the Conjurer (Barachi Conjurer)             Turns: 1864, Time: 00:03:06

Health: -4/30      AC:  0    Str: 10    XL:     3   Next: 97%
Magic:  6/6        EV:  9    Int: 15    God:
Gold:   42         SH:  0    Dex: 12    Spells: 5/6 levels left

rFire    + . .     SeeInvis .   o - +1 battleaxe (curse)
rCold    . . .     Gourm    .   (shield currently unavailable)
rNeg     + . .     Faith    .   j - +1 scale mail
rPois    .         Spirit   .   (helmet restricted)
rElec    .         Reflect  .   (no cloak)
rCorr    .         Harm     .   (no gloves)
MR       .....                  (no boots)
Stlth    +.........             (no amulet)
Regen    0.1/turn               l - ring of stealth
MPRegen  0.1/turn               f - ring of positive energy

@: corroded, slow
A: +LOS, swims, horns 1, fire resistance 1, slowness 1, wild magic 1, strong
legs 1
a: Hop


You were on level 3 of the Dungeon.
You were hungry.

You visited 1 branch of the dungeon, and saw 3 of its levels.

You collected 42 gold pieces.

Inventory:

Hand Weapons
 o - a cursed +1 battleaxe (weapon)
Armour
 j - a +1 scale mail (worn)
Jewellery
 f - a ring of positive energy (right hand)
 l - a ring of stealth (left hand)
Scrolls
 e - 2 scrolls of immolation
 m - a scroll of enchant armour
Potions
 a - a potion of magic {unknown}
 d - a potion of might {unknown}
 i - a potion of flight {unknown}
Books
 b - a book of Conjurations

   Spells                             Type                      Level
   a - Magic Dart                     Conjuration                  1
   b - Searing Ray                    Conjuration                  2
   c - Dazzling Spray                 Conjuration/Hexes            3
   d - Fulminant Prism                Conjuration/Hexes            4
   e - Force Lance                    Conjuration/Translocation    4
   f - Iskenderun's Mystic Blast      Conjuration                  4
Comestibles
 c - a bread ration
 g - 2 royal jellies
 k - a fruit


   Skills:
 - Level 3.6 Fighting
 * Level 1.2 Axes
 - Level 0.2 Armour
 - Level 2.1 Dodging
 - Level 1.7 Stealth
 - Level 2.1 Spellcasting
 - Level 4.3 Conjurations


You had 5 spell levels left.
You knew the following spells:

 Your Spells              Type           Power        Failure   Level  Hunger
a - Magic Dart            Conj           ###.         34%         1    #......


Dungeon Overview and Level Annotations

Branches:
Dungeon (3/15)

Altars:
Xom
The Shining One


Innate Abilities, Weirdness & Mutations

Shadows flee at your approach. (+LOS)
You can swim through water.
You cover ground slowly.
You can hop short distances.
You have a pair of small horns on your head.
Your flesh is heat resistant. (rF+)
Your spells are a little harder to cast, but a little more powerful.


Message History

The jelly quivers.
A jelly is nearby!
A jelly is nearby!
You hit the jelly. The acid corrodes you!
Your hands burn!
You headbutt the jelly.
The jelly is moderately wounded.
The jelly closely misses you. The jelly hits you. The acid corrodes you!
You are splashed with acid!
The acid burns!
You hit the jelly.
Your hands burn!
You headbutt the jelly, but do no damage.
The jelly is severely wounded.
The jelly hits you. The acid corrodes you!
You are splashed with acid!
The acid burns!
You hit the jelly but do no damage.
Your hands burn!
* * * LOW HITPOINT WARNING * * *
The jelly is severely wounded.
The jelly hits you.
* * * LOW HITPOINT WARNING * * *
You are splashed with acid!
The acid burns!
You die...

.# .. ##.## #... #..#
##### ..$
#!.....####.#
###........J..#
#######.# ......
#@.###.[.....# #....
#..##...#....# ....
#.........####
#>######.###...#....#
#.............#####.#
#..#####.###### #
#<........)
#...####..... .....#
#######


You could see a jelly.

Vanquished Creatures
  2 adders (D:2)
  An ooze (D:1)
  A worm (D:2)
  A dart slug (D:2)
  6 goblins
  4 hobgoblins
  6 bats
  3 frilled lizards (D:1)
  3 kobolds
  3 rats
30 creatures vanquished.

Notes
Turn   | Place    | Note
-------+----------+-------------------------------------------
     0 | D:1      | Blomdor the Barachi Conjurer began the quest for the Orb.
     0 | D:1      | Reached XP level 1. HP: 13/13 MP: 3/3
    35 | D:1      | Reached skill level 1 in Fighting
   275 | D:1      | Reached XP level 2. HP: 22/22 MP: 3/5
  1036 | D:2      | Reached XP level 3. HP: 28/29 MP: 0/6
  1060 | D:2      | Gained mutation: Your flesh is heat resistant. (rF+) [potion of mutation]
  1060 | D:2      | Gained mutation: Your spells are a little harder to cast, but a little more powerful. [potion of mutation]
  1060 | D:2      | Gained mutation: You have a pair of small horns on your head. [potion of mutation]
  1167 | D:2      | Found a shimmering altar of Xom.
  1352 | D:2      | Found a glowing golden altar of the Shining One.
  1717 | D:2      | Reached skill level 1 in Axes
  1864 | D:3      | Splashed by a jelly's acid

Skill      XL: |  1  2  3 |
---------------+----------+-----
Fighting       | 1 3 |  3.6
Axes           | 1 |  1.2
Armour         | |  0.2
Dodging        | |  2.1
Stealth        | |  1.7
Spellcasting   | |  2.1
Conjurations   | |  4.3

Action                   || total
-------------------------++-------
Melee: Unarmed           ||    50
       Battleaxe         ||    26
       Hand axe          ||     7
       Headbutt          ||     3
 Cast: Magic Dart        ||    42
  Use: Scroll            ||     6
       Potion            ||     3
 Stab: Sleeping          ||     1
  Eat: Chunk             ||     4
Armor: Robe              ||    21
       Scale mail        ||    20
Dodge: Dodged            ||    73
